 Dungeon Crawl Stone Soup version 0.17.1-2-g5865329 (webtiles) character file.

89 Jobasha the Slasher (level 4, 0/34 HPs)
             Began as a Human Gladiator on Jan 25, 2016.
             Was an Initiate of Gozag.
             Slain by a polar bear (3 damage)
             ... created by the rage of Trog
             ... on level 4 of the Dungeon.
             The game lasted 00:12:38 (2091 turns).

Jobasha the Slasher (Human Gladiator)               Turns: 2091, Time: 00:12:38

Health: 0/34       AC:  4    Str: 15    XL:     4   Next: 84%
Magic:  4/4        EV: 13    Int:  8    God:    Gozag
Gold:   124        SH:  0    Dex: 15    Spells: 0 memorised, 3 levels left

rFire  . . .     SeeInvis .     a - +1 long sword
rCold  . . .     Clarity  .     b - +0 leather armour
rNeg   . . .     SustAt   .     (no shield)
rPois  .         Gourm    .     c - +0 helmet
rElec  .         Spirit   .     (no cloak)
rCorr  .         Warding  .     (no gloves)
rMut   .         Stasis   .     (no boots)
MR     .....                    (no amulet)
Stlth  +.........               (no ring)
                                (no ring)

@: not resistant to hostile enchantments, very unstealthy
A: no striking features
a: Potion Petition, Call Merchant, Bribe Branch, Renounce Religion


You were on level 4 of the Dungeon.
You worshipped Gozag.
Gozag was noncommittal.
You were not hungry.

You visited 1 branch of the dungeon, and saw 4 of its levels.

You collected 134 gold pieces.
You paid 10 gold pieces to Gozag.

Inventory:

Hand Weapons
 a - a +1 long sword (weapon)
 o - a cursed -1 spear
Armour
 b - a +0 leather armour (worn)
 c - a +0 helmet (worn)
 f - a +0 scale mail
 m - a +2 shield
Jewellery
 k - an uncursed amulet of faith {unknown}
Scrolls
 g - a scroll of noise
 n - 2 scrolls of enchant weapon
Potions
 d - a potion of resistance {unknown}
 h - a potion of degeneration {unknown}
 q - a potion of curing {unknown}
Comestibles
 e - 2 bread rations
 i - a beef jerky
 l - a meat ration


   Skills:
 + Level 2.4 Fighting
 + Level 4.0 Long Blades
 + Level 2.0 Throwing
 + Level 0.8 Armour
 + Level 3.9 Dodging


You had 3 spell levels left.
You didn't know any spells.

Dungeon Overview and Level Annotations

Branches:
Dungeon (4/15)
 Temple: D:4-7

Altars:
Ashenzari
Elyvilon
Gozag
Nemelex Xobeh
Ru
Trog

Annotations:
D:3 dnf's ghost, amateur HaCK


Message History

You now have 120 gold pieces (gained 5).
You feel Trog's fiery rage upon you!
You are blasted with searing flames!
The searing flames burn away your fire resistance!
You now have 124 gold pieces (gained 4).
You feel less vulnerable to fire.
Found 18 sling bullets.
You start resting.
Trog sends monsters to punish you.
A polar bear and 3 black bears come into view.
The black bear bites you. The black bear claws you. The black bear claws you.
The polar bear barely misses you. The polar bear closely misses you.
The polar bear claws you. The polar bear barely misses you.
The polar bear claws you.
The polar bear claws you but does no damage.
The black bear bites you!
* * * LOW HITPOINT WARNING * * *
The black bear barely misses you. The black bear closely misses you.
The polar bear bites you.
You die...
Your body crumbles into a pile of gold.

....... .......
.......
###########..(....
#..........#
#..........#
#........hh#
#........hh#
#........@.#
#..........####
#.......####..##
#.......#......#
#.......#>...<.#
#>......#......#
#.......#......#
#.......#......#
#.........#....#


You could see a polar bear (berserk) and 3 black bears.

Vanquished Creatures
  3 adders (D:2)
  An ooze (D:4)
  3 giant geckos
  4 orcs (D:3)
  A ball python (D:1)
  3 bats
  A giant cockroach (D:1)
  5 goblins (D:1)
  5 hobgoblins
  4 jackals (D:2)
  6 kobolds
  2 quokkas (D:2)
  2 giant newts
  8 rats
48 creatures vanquished.

Notes
Turn   | Place    | Note
--------------------------------------------------------------
     0 | D:1      | Jobasha the Human Gladiator began the quest for the Orb.
     0 | D:1      | Reached XP level 1. HP: 16/16 MP: 1/1
   197 | D:1      | Reached XP level 2. HP: 22/22 MP: 2/2
   624 | D:1      | Reached XP level 3. HP: 26/28 MP: 3/3
  1129 | D:2      | Found a bloodstained altar of Trog.
  1162 | D:2      | Found a sacrificial altar of Ru.
  1203 | D:2      | Found a shattered altar of Ashenzari.
  1215 | D:2      | Reached XP level 4. HP: 31/34 MP: 4/4
  1226 | D:2      | Became a worshipper of Trog the Wrathful
  1248 | D:2      | Found a white marble altar of Elyvilon.
  1260 | D:2      | Fell from the grace of Trog
  1260 | D:2      | Became a worshipper of Elyvilon the Healer
  1338 | D:2      | Found an opulent altar of Gozag.
  1346 | D:2      | Fell from the grace of Elyvilon
  1346 | D:2      | Became a worshipper of Gozag Ym Sagoz the Greedy
  1593 | D:2      | Found a sparkling altar of Nemelex Xobeh.
  1913 | D:3      | Reached skill level 4 in Long Blades
  1919 | D:3      | Noticed dnf's ghost (amateur HaCK)
  2087 | D:4      | Noticed a black bear
  2087 | D:4      | Noticed a polar bear
  2087 | D:4      | Noticed a black bear
  2087 | D:4      | Noticed a black bear
  2091 | D:4      | Slain by a polar bear

Action                   |  1- 3 |  4- 6 || total
-------------------------+-------+-------++-------
Melee: Long sword        |    94 |    40 ||   134
Throw: Throwing net      |     5 |     2 ||     7
  Use: Scroll            |     3 |     2 ||     5
  Eat: Chunk             |     1 |     1 ||     2
       Meat ration       |       |     1 ||     1
